 Dungeon Crawl Stone Soup version 0.28.0 (webtiles) character file.

Game seed: 17420090388305299256

16 AmazingTV the Grasshopper (level 2, 0/15 HPs)
             Began as a Spriggan Warper on Mar 23, 2024.
             Slain by an adder (1 damage)
             ... on level 2 of the Dungeon.
             The game lasted 00:02:50 (1320 turns).

AmazingTV the Grasshopper (Spriggan Warper)         Turns: 1320, Time: 00:02:51

Health: 0/15       AC:  2    Str:  7    XL:     2   Next: 37%
Magic:  6/6        EV: 14    Int: 14    God:
Gold:   48         SH:  0    Dex: 14    Spells: 6/6 levels left

rFire   . . .      SeeInvis +   a - +0 short sword {short}
rCold   . . .      Faith    .   (no shield)
rNeg    . . .      Spirit   .   b - +0 robe
rPois   .          Reflect  .   (helmet restricted)
rElec   .          Harm     .   (no cloak)
rCorr   .          Rampage  .   (gloves unavailable)
Will    .....                   (boots unavailable)
Stlth   ++........              (no amulet)
HPRegen 0.05/turn               (no ring)
MPRegen 0.10/turn               (no ring)

@: lethally poisoned (0 -> -5), constricted, very quick
A: very small, no large weapons, unfitting armour, see invisible, speed 3
a: no special abilities


You were on level 2 of the Dungeon.
You visited 1 branch of the dungeon, and saw 2 of its levels.

You collected 48 gold pieces.


Innate Abilities, Weirdness & Mutations

You are very small and have problems with some larger weapons.
You are too small for most types of armour.
You have supernaturally acute eyesight. (SInv)
You cover ground extremely quickly. (Speed+++)


   Skills:
 + Level 1.8 Fighting
 + Level 2.5 Short Blades
 - Level 1.0 Throwing
 + Level 3.5 Dodging
 + Level 1.5 Stealth
 - Level 2.6 Spellcasting
 - Level 4.4 Translocations


You had 6 spell levels left.
You didn't know any spells.
Your spell library contained the following spells:

 Spells                   Type           Power      Damage    Failure   Level
 Blink                    Tloc           28%        N/A       5%          2
 Gell's Gravitas          Tloc           14%        N/A       11%         3
 Lesser Beckoning         Tloc           14%        N/A       11%         3
 Teleport Other           Tloc           14%        N/A       11%         3
 Manifold Assault         Tloc           14%        N/A       71%         5

Inventory:

Hand Weapons
 a - a +0 short sword (weapon) {short}
Missiles
 d - 2 boomerangs of dispersal (quivered) {=f!f}
 e - 15 stones
 g - 10 sling bullets
Armour
 b - a +0 robe (worn)
Jewellery
 h - a +6 ring of intelligence
   (You found it on level 2 of the Dungeon)
Scrolls
 c - a scroll of blinking {!r}
Potions
 f - a potion of flight {unknown}

Dungeon Overview and Level Annotations

Branches:
Dungeon (1/15)

Altars:

......#...#
...............##K.#
.......(....).##S.#
#..........?..##..#
.................#
#..........#.##.##
.b. ...r.#.##.# #S#
##...K..# #@#
###....#### #S#
#......##
#K####..S....#
#............#
######.......##
#.........#
#######..#...##.#
#....!#..##.###.#
#.###.#..##.# #.#


You could see an adder, a bat, a ball python and a kobold.


Message History

You see here a +0 dagger {short}.
A sourceless malevolence fills the Dungeon...
You fall into a shaft and drop 1 floor!
The shaft crumbles and collapses.
Found a stone staircase leading down. 😎 HP[+2]
Your hp is fully restored (15).
A gnoll comes into view. It is wielding a +0 halberd.
There is a stone staircase leading down here.
The gnoll shouts!
You hear a shout! x2; You hear an angry hiss.
The gnoll misses you.
You hear a shout!
A gnoll comes into view. It is wielding a +0 halberd.
The gnoll shouts!
You hit the gnoll but do no damage. The gnoll closely misses you.
You closely miss the gnoll. The gnoll misses you. The gnoll closely misses you.
A gnoll comes into view. It is wielding a +0 flail.
You barely miss the gnoll. The gnoll closely misses you. x2
You hit the gnoll. The gnoll barely misses you. x2
You hit the gnoll. The gnoll barely misses you. x2
You barely miss the gnoll. The gnoll completely misses you.
The gnoll hits you with a +0 halberd! 😮 HP[-7]
You take 7 damage, and now have 8/15 hp.
MASSIVE DAMAGE!! (PAUSE)
You are too injured to fight recklessly!
Throw: 5 boomerangs (disperse) {=f!f}
Press: ? - help, Q - select action, (/) - cycle Shift-Dir - straight line, f - gnoll
Aim: a gnoll, wielding a +0 halberd (61% to hit)
You throw a boomerang of dispersal {=f!f}.
The boomerang of dispersal {=f!f} hits the gnoll but does no damage. 😮 HP[+1] Throw: 4 boomerangs (disperse) {=f!f}
Press: ? - help, Shift-Dir - straight line, f/p - gnoll
Aim: a gnoll, wielding a +0 halberd (61% to hit)
You throw a boomerang of dispersal {=f!f}.
The boomerang of dispersal {=f!f} hits the gnoll.
The gnoll blinks!
The gnoll barely misses you.
A kobold and a ball python come into view.
The kobold shouts!
You hear a shout! x2
You see here a +6 ring of intelligence.
h - a +6 ring of intelligence A rat comes into view.
The rat moves out of view.
The kobold throws a stone.
The stone closely misses you.
A goblin comes into view. It is wielding a +0 dagger.
The kobold throws a stone.
The stone closely misses you.
A goblin comes into view. It is wielding a +0 club.
The goblin moves out of view. 😮 HP[+1] 😮 HP[+1]
An endoplasm comes into view.
A bat comes into view.
An adder comes into view.
You hit the endoplasm but do no damage. The endoplasm closely misses you.
You hit the endoplasm. The endoplasm freezes you.
You are frozen. 😮 HP[-3]
You take 3 damage, and now have 8/15 hp.
You hit the endoplasm. The endoplasm barely misses you.
You hit the endoplasm but do no damage. The endoplasm freezes you.
You are frozen.
* * * LOW HITPOINT WARNING * * *
😨 HP[-1]
You take 1 damage, and now have 7/15 hp.
You hit the endoplasm.
You kill the endoplasm!
The bat hits you but does no damage.
You closely miss the bat. The bat hits you but does no damage.
The bat closely misses you.
You closely miss the bat. The bat hits you but does no damage.
The ball python bites you.
* * * LOW HITPOINT WARNING * * *
The ball python misses you. x3 😨 HP[-2]
You take 2 damage, and now have 5/15 hp.
You barely miss the adder. The adder completely misses you.
The ball python barely misses you. The ball python misses you.
The adder completely misses you.
You hit the adder. The adder bites you.
* * * LOW HITPOINT WARNING * * *
You are lethally poisoned!
The adder poisons you! The ball python closely misses you.
The ball python grabs you. The ball python constricts you.
* * * LOW HITPOINT WARNING * * *
😱 HP[-2]
You take 2 damage, and now have 3/15 hp.
Throw: 3 boomerangs (disperse) {=f!f}
Press: ? - help, Q - select action, (/) - cycle Shift-Dir - straight line, f - adder
Aim: an adder (moderately wounded, 38% to hit)
You throw a boomerang of dispersal {=f!f}.
The boomerang of dispersal {=f!f} barely misses the adder.
The boomerang of dispersal {=f!f} barely misses the bat.
* * * LOW HITPOINT WARNING * * *
You feel sick. The adder bites you.
You die...

Skill      XL: |  1 |
---------------+----+-----
Stealth        | 1 |  1.5
Fighting       | |  1.8
Short Blades   | |  2.5
Throwing       | |  1.0
Dodging        | |  3.5
Spellcasting   | |  2.6
Translocations | |  4.4

Action                   || total
-------------------------++-------
Melee: Short sword       ||    69
Throw: Boomerang         ||     3
Armor: Robe              ||     8
Dodge: Dodged            ||    63

Levels and vault maps discovered:
D:1:      dpeg_arrival_ternary, layout_basic, ebering_ecumenical_altar_box
D:2:      layout_loops_ring, minmay_tetromino_i2, uniq_crazy_yiuf_cottage

Notes
Turn   | Place    | Note
-------+----------+-------------------------------------------
     0 | D:1      | AmazingTV the Spriggan Warper began the quest for the Orb.
     0 | D:1      | Reached XP level 1. HP: 10/10 MP: 5/5
     0 | D:1      | magus.rc [v1.9.6]
    51 | D:1      | Found a faded altar of an unknown god.
   141 | D:1      | HP: 1/10 [frozen (5)]
   796 | D:1      | You pick up a book of Spatial Translocations and begin
                  | reading...
   839 | D:1      | Reached skill level 1 in Stealth
   889 | D:1      | Reached XP level 2. HP: 12/15 MP: 6/6
  1216 | D:1      | You fall into a shaft and drop 1 floor!
  1319 | D:2      | HP: 3/15 [constriction (1)]
  1320 | D:2      | HP: 1/15 [poisoned by an adder]
  1320 | D:2      | Slain by an adder

Vanquished Creatures
  4 endoplasms
  A giant cockroach (D:1)
  2 goblins (D:1)
  2 hobgoblins (D:1)
  A ball python (D:1)
  A bat (D:1)
  A frilled lizard (D:1)
  A kobold (D:1)
  A rat (D:1)
14 creatures vanquished.

Table legend:
 A = Non-vault XP
 B = Vault XP
 C = Vault XP percentage of total XP
 D = Non-vault monster count
 E = Vault monster count
 F = Vault count percentage of total count
                 A         B        C        D         E       F
            +---------+---------+-------+---------+---------+-------
      Total |      23 |       0 |   0.0 |      14 |       0 |   0.0
            +---------+---------+-------+---------+---------+-------
        D:1 |      21 |       0 |   0.0 |      13 |       0 |   0.0
        D:2 |       2 |       0 |   0.0 |       1 |       0 |   0.0
            +---------+---------+-------+---------+---------+-------

Illustrated notes

Table legend:
 A = Kills in this place as a percentage of kills in entire the game.
 B = Kills by you in this place as a percentage of kills by you in the entire game.
 C = Kills by friends in this place as a percentage of kills by friends in the entire game.
 D = Other kills in this place as a percentage of other kills in the entire game.
 E = Experience gained in this place as a percentage of experience gained in the entire game.
 F = Experience gained in this place divided by the number of levels of this place that you have seen.
                   A       B       C       D       E      F
               +-------+-------+-------+-------+-------+----------------------
         Total | 100.0 | 100.0 |   N/A |   N/A | 100.0 |  11.5
       Dungeon | 100.0 | 100.0 |   N/A |   N/A | 100.0 |  11.5
               +-------+-------+-------+-------+-------+----------------------

Table legend: (Time is in decaauts)
 A = Elapsed time spent in this place.
 B = Non-inter-level travel time spent in this place.
 C = Inter-level travel time spent in this place.
 D = Time resting spent in this place.
 E = Time spent auto-exploring this place.
 F = Levels seen in this place.
 G = Mean time per level.
                   A        B        C        D        E       F      G
               +--------+--------+--------+--------+--------+-----+--------+
         Total |   1096 |   1096 |      0 |    390 |    538 |   2 |  548.0 |
       Dungeon |   1096 |   1096 |      0 |    390 |    538 |   2 |  548.0 |
               +--------+--------+--------+--------+--------+-----+--------+

Top non-repeatable levels by time:
     D:1: 1027 daAuts
     D:2: 69 daAuts
